 Dungeon Crawl Stone Soup version 0.30.1-4-g462c640d31 (webtiles) character file.

Game seed: 497875966237576321

914 Cheops the Caller (level 8, -1/52 HPs)
             Began as a Merfolk Summoner on Sept 17, 2023.
             Slain by a gnoll sergeant
             ... wielding a +2 trident of protection
              (16 damage)
             ... on level 5 of the Dungeon.
             The game lasted 00:22:33 (6090 turns).

Cheops the Caller (Merfolk Summoner)                Turns: 6090, Time: 00:22:33

Health: -1/52      AC:  2    Str:  8    XL:     8   Next: 9%
Magic:  21/21      EV: 17    Int: 16    God:
Gold:   230        SH:  0    Dex: 15    Spells: 3/13 levels left

rFire   . . .        a - +0 spear
rCold   . . .        (no shield)
rNeg    . . .        u - +0 robe
rPois   .            (no helmet)
rElec   .            (no cloak)
rCorr   .            (no gloves)
SInv    .            (no boots)
Will    .....        z - amulet of magic regeneration
Stlth   ++           c - +5 ring of evasion
HPRegen 0.28/turn    x - ring of magical power
MPRegen 0.57/turn

%: no passive effects
@: no status effects
A: (nimble swimmer 2), mertail
a: no special abilities


You were on level 5 of the Dungeon.
You visited 1 branch of the dungeon, and saw 5 of its levels.

You collected 230 gold pieces.

Inventory:

Hand Weapons
 a - a +0 spear (weapon)
 k - a +0 dagger
Missiles
 y - a throwing net
Armour
 u - a +0 robe (worn)
Jewellery
 c - a +5 ring of evasion (left hand)
 h - a ring of flight
 p - a ring of positive energy
 r - an amulet of guardian spirit
 x - a ring of magical power (right hand)
 z - an amulet of magic regeneration (around neck)
 E - a ring of protection from cold
Wands
 B - a wand of polymorph (2)
 F - a wand of light (11)
Scrolls
 d - a scroll of amnesia {unknown}
 e - a scroll of torment {unknown}
 f - 2 scrolls of blinking {unknown}
 g - 3 scrolls of fog {unknown}
 j - a scroll of vulnerability {unknown}
 o - 2 scrolls of fear {unknown}
 q - 4 scrolls of magic mapping {unknown}
 s - 4 scrolls of identify {unknown}
 t - a scroll of immolation {unknown}
 A - a scroll of noise {unknown}
 C - 2 scrolls of teleportation {unknown}
Potions
 b - 3 potions of magic
 i - a potion of flight {unknown}
 l - a potion of mutation {unknown}
 m - a potion of curing {unknown}
 n - a potion of degeneration {unknown}
 v - a potion of attraction {unknown}
 w - a potion of heal wounds
 D - a potion of resistance {unknown}


   Skills:
 + Level 4.9 Polearms
 - Level 2.6 Dodging
 - Level 2.1 Stealth
 - Level 3.0 Spellcasting
 - Level 7.0 Summonings
 - Level 4.0 Air Magic


You had 3 spell levels left.
You knew the following spells:

 Your Spells              Type           Power      Damage    Failure   Level
c - Call Canine Familiar  Summ           24%        N/A       3%          3
i - Call Imp              Summ           48%        N/A       1%          2
l - Summon Lightning Spi  Summ/Air       20%        N/A       19%         4
m - Summon Small Mammal   Summ           96%        N/A       1%          1

Your spell library contained the following spells:

 Spells                   Type           Power      Damage    Failure   Level
 Summon Guardian Golem    Hex/Summ       13%        N/A       13%         3
 Apportation              Tloc           4%         N/A       19%         1
 Portal Projectile        Hex/Tloc       4%         N/A       50%         3
 Tukima's Dance           Hex            2%         N/A       50%         3
 Volatile Blastmotes      Fire/Tloc      4%         2d10      50%         3
 Iskenderun's Mystic Bla  Conj/Tloc      2%         2d3       88%         4
 Blade Hands              Tmut           1%         N/A       99%         5
 Metabolic Englaciation   Hex/Ice        1%         N/A       99%         5
 Malign Gateway           Summ/Tloc      6%         N/A       100%        7


Dungeon Overview and Level Annotations

Branches:
Dungeon (5/15)
 Temple: D:4-7

Altars:
Cheibriados
Kikubaaqudgha
Makhleb
Nemelex Xobeh
Okawaru
Xom
Zin

Shops:
D:5 :

Annotations:
D:2 stairs


Innate Abilities, Weirdness & Mutations

((You are very nimble when in or above water. (Stealth+, EV+, Speed+++)))
Your lower body shifts to a powerful aquatic tail in water.


Message History

Your lightning spire shoots out a bolt of lightning at the gnoll sergeant!
The bolt of electricity hits the gnoll sergeant.
The gnoll sergeant hits you from afar with a +2 trident of protection.
Reach: a) +0 spear
Press: ? - help, Dir - move target, f/p - gnoll sergeant
Aim: a gnoll sergeant, wielding a +2 trident of protection and wearing a +0 scale mail (moderately wounded, ally target, about 30% to evade your +0 spear)
You reach to attack!
You hit the gnoll sergeant but do no damage.
The gnoll sergeant is moderately wounded.
Your hound bites the gnoll sergeant but does no damage.
The gnoll sergeant hits you from afar with a +2 trident of protection!
* * * LOW HITPOINT WARNING * * *
Reach: a) +0 spear
Press: ? - help, Dir - move target, f/p - gnoll sergeant
Aim: a gnoll sergeant, wielding a +2 trident of protection and wearing a +0 scale mail (moderately wounded, ally target, about 30% to evade your +0 spear)
You reach to attack!
You hit the gnoll sergeant but do no damage.
The gnoll sergeant is moderately wounded.
Your hound completely misses the gnoll sergeant.
Your lightning spire shoots out a bolt of lightning at the gnoll sergeant!
The bolt of electricity hits the gnoll sergeant!
Your hound bites the gnoll sergeant but does no damage.
Reach: a) +0 spear
Press: ? - help, Dir - move target, f/p - gnoll sergeant
Aim: a gnoll sergeant, wielding a +2 trident of protection and wearing a +0 scale mail (heavily wounded, ally target, about 30% to evade your +0 spear)
You reach to attack!
You hit the gnoll sergeant but do no damage.
The gnoll sergeant is heavily wounded.
The gnoll sergeant hits you from afar with a +2 trident of protection!
* * * LOW HITPOINT WARNING * * *
Your hound closely misses the gnoll sergeant.
Reach: a) +0 spear
Press: ? - help, Dir - move target, f/p - gnoll sergeant
Aim: a gnoll sergeant, wielding a +2 trident of protection and wearing a +0 scale mail (heavily wounded, ally target, about 30% to evade your +0 spear)
You reach to attack!
You hit the gnoll sergeant but do no damage.
The gnoll sergeant is heavily wounded.
Your hound bites the gnoll sergeant but does no damage.
The gnoll sergeant hits you from afar with a +2 trident of protection!
You die...

#.. #..# #..##### ...
#..##.. ..###..##.# ..
..'...)##.###....
.###.gh.........
..##.8.@........
#.###...########
#.###..##(((##.. #.#
#......#(#(#.##. #.#.#
#.##...#((#(..#. #.#.#
#.###..#.#.#.##. #.#.#
#.# #..##...##..
#.#.###)# #...########
#.....#.####..........


You could see a gnoll sergeant (ally target), 8 dancing weapons, a friendly
lightning spire (summoned) and a friendly hound (summoned).

Vanquished Creatures
  A nameless horror (D:3)
  Ijyb (D:3)
  3 gnolls
  A white imp (D:4)
  A worm (D:2)
  6 bats
  An endoplasm (D:2)
  A giant cockroach (D:1)
  4 goblins
  2 hobgoblins (D:2)
  2 quokkas (D:2)
  5 ball pythons
  3 kobolds
  2 rats
33 creatures vanquished.

Vanquished Creatures (collateral kills)
  Sigmund (D:2)
  2 black bears
  A centaur (D:5)
  A scorpion (D:3)
  2 orc priests
  A hound (D:4)
  An iron imp (D:3)
  A sleepcap (D:4)
  Terence (D:3)
  Robin (D:2)
  8 gnolls
  3 adders
  2 worms (D:2)
  6 orcs
  3 endoplasms
  A giant cockroach (D:3)
  9 goblins
  5 hobgoblins
  3 quokkas (D:1)
  3 ball pythons (D:2)
  2 bats
  A frilled lizard (D:1)
  4 kobolds
  3 rats
65 creatures vanquished.

Grand Total: 98 creatures vanquished

Notes
Turn   | Place    | Note
-------+----------+-------------------------------------------
     0 | D:1      | Cheops the Merfolk Summoner began the quest for the Orb.
     0 | D:1      | Reached XP level 1. HP: 13/13 MP: 3/3
   362 | D:1      | Got Sif Muna's Meditations on the Excursion and Snow
   419 | D:1      | Reached XP level 2. HP: 19/19 MP: 1/5
   639 | D:1      | Found a faded altar of an unknown god.
  1249 | D:2      | Learned a level 2 spell: Call Imp
  1400 | D:2      | Reached XP level 3. HP: 24/24 MP: 1/7
  1404 | D:2      | Learned a level 3 spell: Call Canine Familiar
  1504 | D:2      | Noticed Sigmund
  1661 | D:2      | Reached XP level 4. HP: 20/30 MP: 4/8
  1771 | D:1      | Reached skill level 5 in Summonings
  2220 | D:2      | Killed Sigmund
  2221 | D:2      | Reached skill level 6 in Summonings
  2221 | D:2      | Reached XP level 5. HP: 12/35 MP: 6/9
  2221 | D:2      | Reached XP level 6. HP: 14/41 MP: 6/10
  2631 | D:2      | Noticed Robin
  2767 | D:2      | Killed Robin
  2832 | D:2      | Reached skill level 7 in Summonings
  2839 | D:2      | Learned a level 4 spell: Summon Lightning Spire
  2981 | D:3      | Reached skill level 1 in Air Magic
  3304 | D:3      | Noticed Terence
  3315 | D:3      | Killed Terence
  3497 | D:3      | Found an ancient bone altar of Kikubaaqudgha.
  3621 | D:3      | Noticed Ijyb
  3624 | D:3      | Noticed a nameless horror
  3925 | D:3      | Reached XP level 7. HP: 46/46 MP: 11/11
  3994 | D:3      | Found a snail-covered altar of Cheibriados.
  4207 | D:3      | Found a burning altar of Makhleb.
  4207 | D:3      | Found an iron altar of Okawaru.
  4256 | D:3      | Killed Ijyb
  4266 | D:3      | Killed a nameless horror
  4601 | D:4      | Found a sparkling altar of Nemelex Xobeh.
  4921 | D:4      | Found a shimmering altar of Xom.
  4921 | D:4      | Noticed an angel
  4926 | D:4      | Found a glowing silver altar of Zin.
  5608 | D:5      | Entered Level 5 of the Dungeon
  5908 | D:5      | Found Reroxiur's Tremendous Tomes.
  5959 | D:5      | Reached skill level 1 in Polearms
  5977 | D:5      | Noticed a +0 dagger
  5978 | D:5      | Noticed a +0 short sword
  5978 | D:5      | Noticed a +0 falchion
  6030 | D:5      | Reached XP level 8. HP: 44/52 MP: 12/12
  6059 | D:5      | Noticed a +0 spear
  6059 | D:5      | Noticed a +0 dagger
  6061 | D:5      | Noticed a +0 short sword
  6061 | D:5      | Noticed a +0 spear
  6061 | D:5      | Noticed a +0 falchion
  6090 | D:5      | Slain by a gnoll sergeant

Illustrated notes

Levels and vault maps discovered:
D:1:      nzn_arrival_water_spiral, layout_basic,
          shapermc_ecumenical_altar_ellora, serial_bayou_lagoon_a
D:2:      layout_basic, roderic_roman_lattice, uniq_sigmund, uniq_robin
D:3:      layout_rooms, slow_altar_2, mainiacjoe_overflow_six_doors_small,
          gammafunk_temple_overflow_elements, uniq_terence, uniq_ijyb
D:4:      layout_loops_ring, grunt_temple_overflow_order_and_chaos_1,
          nemelex_xobeh_ov_fountains_minmay
D:5:      layout_basic, nicolae_uskayaw_en_pointe, trog_three_pillars_becter,
          nicolae_shop_i_like_big_books

Skill      XL: |  1  2  3  4  5  6  7 |
---------------+----------------------+-----
Spellcasting   | 3 |  3.0
Summonings     | 6 7 |  7.0
Air Magic      | 2 4 |  4.0
Polearms       | 4 |  4.9
Dodging        | |  2.6
Stealth        | |  2.1

Action                     |  1- 3 |  4- 6 |  7- 9 || total
---------------------------+-------+-------+-------++-------
  Melee: Unarmed           |    42 |       |    13 ||    55
         Dagger            |    24 |   111 |       ||   135
         Spear             |       |    26 |   101 ||   127
         Punch             |       |     1 |     1 ||     2
   Cast: Summon Small Mamm |    26 |     1 |       ||    27
         Call Imp          |     3 |     2 |     5 ||    10
         Call Canine Famil |     3 |    19 |    18 ||    40
         Summon Lightning  |       |     1 |     2 ||     3
    Use: Potion            |       |     1 |     2 ||     3
   Stab: Distracted        |       |     3 |     1 ||     4
         Sleeping          |       |     2 |     2 ||     4
 Armour: Robe              |     8 |    10 |     7 ||    25
         Skin              |       |       |    27 ||    27
  Dodge: Dodged            |    72 |   151 |    68 ||   291
